 Dungeon Crawl Stone Soup version 0.17.0-28-g6e173f8 (webtiles) character file.

135 HolyRage the Firebug (level 4, -2/27 HPs)
             Began as a High Elf Fire Elementalist on Nov 24, 2015.
             Slain by Grinder (3 damage)
             ... while paralysed by Grinder
             ... on level 3 of the Dungeon.
             The game lasted 00:24:23 (3388 turns).

HolyRage the Firebug (High Elf Fire Elementalist)   Turns: 3388, Time: 00:24:23

Health: -2/27      AC:  3    Str:  7    XL:     4   Next: 97%
Magic:  9/10       EV:  2    Int: 20    God:
Gold:   155        SH:  0    Dex: 15    Spells: 3 memorised, 4 levels left

rFire  . . .     SeeInvis .     n - +0 dagger (venom)
rCold  . . .     Clarity  .     a - +0 robe
rNeg   . . .     SustAt   +     (no shield)
rPois  +         Gourm    .     (no helmet)
rElec  .         Spirit   .     d - +0 cloak
rCorr  .         Warding  .     (no gloves)
rMut   .         Stasis   .     (no boots)
MR     .....                    (no amulet)
Stlth  ++........               j - ring of sustain attributes
                                k - ring of poison resistance

@: paralysed, not resistant to hostile enchantments, unstealthy
A: no striking features
a: no special abilities


You were on level 3 of the Dungeon.
You were not hungry.

You visited 1 branch of the dungeon, and saw 3 of its levels.

You collected 155 gold pieces.

Inventory:

Hand Weapons
 i - a +0 short sword
 l - a +0 hunting sling
 n - a +0 dagger of venom (weapon)
Missiles
 m - 112 stones (quivered)
Armour
 a - a +0 robe (worn)
 d - a +0 cloak (worn)
Jewellery
 j - a ring of sustain attributes (right hand)
 k - a ring of poison resistance (left hand)
Scrolls
 g - a scroll of recharging
 p - a scroll of fog
Potions
 f - 2 potions of might
 h - a potion of curing
 o - a potion of poison
Books
 b - a book of Flames

   Spells                             Type                      Level
   a - Flame Tongue                   Conjuration/Fire             1
   b - Throw Flame                    Conjuration/Fire             2
   c - Conjure Flame                  Conjuration/Fire             3
   d - Inner Flame                    Hexes/Fire                   3
   e - Sticky Flame                   Conjuration/Fire             4
   f - Fireball                       Conjuration/Fire             5
Comestibles
 c - 5 bread rations


   Skills:
 - Level 2.1 Dodging
 - Level 2.1 Stealth
 + Level 3.9 Spellcasting
 + Level 2.5 Conjurations
 + Level 4.4 Fire Magic


You had 4 spell levels left.
You knew the following spells:

 Your Spells              Type           Power        Failure   Level  Hunger
a - Flame Tongue          Conj/Fire      ###..        3%          1    None
b - Throw Flame           Conj/Fire      ###...       6%          2    ##.....
c - Conjure Flame         Conj/Fire      ###.....     12%         3    ###....


Dungeon Overview and Level Annotations

Branches:
Dungeon (3/15)

Altars:
Cheibriados
Trog

Annotations:
D:3 Grinder, Sigmund


Message History

The flame tongue hits Grinder.
Grinder is lightly wounded.
Grinder hits you.
You writhe in agony.
You barely miss Grinder.
Grinder is lightly wounded.
Grinder gestures at you.
You suddenly lose the ability to move!
Grinder barely misses you. Grinder hits you.
You writhe in agony.
Grinder gestures at you. Pain shoots through your body!
* * * LOW HITPOINT WARNING * * *
Grinder gestures at you.
You barely resist. Grinder gestures at you.
You shrug off the repeated paralysis!
Grinder hits you!
* * * LOW HITPOINT WARNING * * *
You writhe in agony.
You die...

#...#.....# #...#.....#
#...#.....# #...#.#####
#..5..# #########..#..#
####### ...........#..#
#.....# ...........##.#
#.....#
...........5@.######.....#
.........####>.....'.....#
.........# #.######....##
.........# #.# #....#
.........# #.# #....#
.........####.#########.#
.........##.........# #.#
.........##.#.#####.# #.#
#.#.......# #.#


You could see Grinder.

Vanquished Creatures
  Ijyb (D:1)
  A worker ant (D:3)
  2 adders (D:2)
  An ooze (D:2)
  4 worms
  8 hobgoblins
  3 jackals (D:3)
  A ball python (D:2)
  9 bats
  5 giant cockroaches
  3 giant newts
  7 goblins
  6 kobolds
  6 rats
57 creatures vanquished.

Notes
Turn   | Place    | Note
--------------------------------------------------------------
     0 | D:1      | HolyRage the High Elf Fire Elementalist began the quest for the Orb.
     0 | D:1      | Reached XP level 1. HP: 11/11 MP: 4/4
   352 | D:1      | Reached XP level 2. HP: 17/17 MP: 4/6
   378 | D:1      | Learned a level 2 spell: Throw Flame
  1197 | D:2      | Reached XP level 3. HP: 21/21 MP: 0/8
  1270 | D:2      | Learned a level 3 spell: Conjure Flame
  1837 | D:2      | Reached skill level 4 in Fire Magic
  1931 | D:2      | Noticed Ijyb
  2312 | D:1      | Killed Ijyb
  2312 | D:1      | Reached XP level 4. HP: 21/27 MP: 2/10
  2543 | D:2      | Found a snail-covered altar of Cheibriados.
  2970 | D:3      | Noticed Sigmund
  3047 | D:3      | Noticed Grinder
  3169 | D:3      | Found a bloodstained altar of Trog.
  3382 | D:3      | Paralysed by Grinder for 7 turns
  3388 | D:3      | HP: 1/27 [Grinder (7)]
  3388 | D:3      | Slain by Grinder

Action                   |  1- 3 |  4- 6 || total
-------------------------+-------+-------++-------
Melee: Short sword       |    32 |       ||    32
       Dagger            |       |     4 ||     4
 Cast: Flame Tongue      |    94 |    36 ||   130
       Throw Flame       |     3 |       ||     3
       Conjure Flame     |     2 |       ||     2
  Use: Scroll            |     7 |     3 ||    10
       Potion            |     6 |       ||     6
  Eat: Chunk             |     4 |     4 ||     8
